 Dungeon Crawl Stone Soup version 0.31-a0-672-g7da72447bb (webtiles) character file.

Game seed: 14909802668651245865

17 Joey1 the Covered (level 2, 0/27 HPs)
             Began as a Minotaur Fighter on Sept 4, 2023.
             Killed from afar by Sigmund (2 damage)
             ... with a puff of flame
             ... on level 2 of the Dungeon.
             The game lasted 00:01:59 (1031 turns).

Joey1 the Covered (Minotaur Fighter)                Turns: 1031, Time: 00:02:00

Health: 0/27       AC: 11    Str: 20    XL:     2   Next: 44%
Magic:  1/1        EV:  5    Int:  5    God:
Gold:   57         SH:  4    Dex:  9    Spells: 1/1 levels left

rFire   . . .        a - +0 war axe
rCold   . . .        c - +0 buckler
rNeg    . . .        k - +0 plate armour
rPois   .            (helmet restricted)
rElec   .            (no cloak)
rCorr   .            (no gloves)
SInv    .            (no boots)
Will    .....        (no amulet) Stlth
                     (no ring)
HPRegen 0.24/turn    (no ring)
MPRegen 0.07/turn

%: no passive effects
@: no status effects
A: horns 2, retaliatory headbutt
a: no special abilities


You were on level 2 of the Dungeon.
You visited 1 branch of the dungeon, and saw 2 of its levels.

You collected 57 gold pieces.

Inventory:

Hand Weapons
 a - a +0 war axe (weapon)
Armour
 b - a +0 scale mail
 c - a +0 buckler (worn)
 k - a +0 plate armour (worn)
Scrolls
 f - 2 scrolls of amnesia {unknown}
 g - a scroll of silence {unknown}
 h - a scroll of teleportation {unknown}
 i - a scroll of poison {unknown}
 j - a scroll of immolation {unknown}
 l - a scroll of identify {unknown}
Potions
 d - a potion of might
 e - a potion of resistance {unknown}
 m - 2 potions of heal wounds {unknown}


   Skills:
 + Level 3.9 Fighting
 + Level 2.8 Axes
 + Level 3.9 Armour
 + Level 0.0 Dodging
 + Level 3.9 Shields


You had one spell level left.
You didn't know any spells.
Your spell library contained the following spells:

 Spells                   Type           Power      Damage    Failure   Level
 Inner Flame              Hex/Fire       0%         N/A       100%        3
 Yara's Violent Unravell  Hex/Tmut       0%         3d3       100%        5
 Enfeeble                 Hex            0%         N/A       100%        7


Dungeon Overview and Level Annotations

Branches:
Dungeon (2/15)

Altars:

Annotations:
D:2 Sigmund


Innate Abilities, Weirdness & Mutations

You have a pair of horns on your head.
You reflexively headbutt those who attack you in melee.


Message History

There is a stone staircase leading up here.
Found 5 stones.
Found an escape hatch in the ceiling.
You now have 57 gold pieces (gained 19).
Sigmund the Dreaded comes into view.
He is wielding a +0 scythe and carrying a wand of flame.
Found a scroll labelled ZAILUSH MUKLIUGEU.
Found a stone staircase leading up.
Sigmund shouts!
Sigmund zaps a wand.
The puff of flame hits you.
Unknown command.
Sigmund casts a spell at you.
You are confused.
You're too confused to move!
You bump into the rock wall.
You feel less confused.
Sigmund zaps a wand.
The puff of flame hits you! Sigmund gestures at you while chanting.
The magic dart hits you.
You closely miss Sigmund. Your headbutt misses Sigmund.
Sigmund gestures at you while chanting. The magic dart hits you.
You slash Sigmund!
Sigmund is heavily wounded.
Sigmund hits you with a +0 scythe!
* * * LOW HITPOINT WARNING * * *
You closely miss Sigmund. You headbutt Sigmund.
Sigmund is heavily wounded.
You block Sigmund's attack.
You closely miss Sigmund. Your headbutt misses Sigmund.
Sigmund is heavily wounded.
Sigmund hits you with a +0 scythe.
* * * LOW HITPOINT WARNING * * *
You closely miss Sigmund.
Sigmund is heavily wounded.
Sigmund hits you but does no damage.
You hit Sigmund.
Sigmund is heavily wounded.
Sigmund zaps a wand.
The puff of flame hits you.
You die...
Sigmund begins carving another notch in his scythe.

....... ......... ..
.. .......... .. .
.......... .#.
##........# ...
##..........
#.###...........
#.#.@@..........
..#####.#.##..........
...<......##..<.......
.######.####.....[...#
#.# #.#......## #.#
#.######## #.# #(# #.#
#.# ##.# #.#


You could see Sigmund.

Vanquished Creatures
  A dart slug (D:1)
  2 ball pythons (D:1)
  An endoplasm (D:1)
  A giant cockroach (D:1)
  A goblin (D:1)
  4 hobgoblins (D:1)
  A frilled lizard (D:1)
  2 kobolds (D:1)
13 creatures vanquished.

Notes
Turn   | Place    | Note
-------+----------+-------------------------------------------
     0 | D:1      | Joey1 the Minotaur Fighter began the quest for the Orb.
     0 | D:1      | Reached XP level 1. HP: 19/19 MP: 0/0
   204 | D:1      | Reached XP level 2. HP: 27/27 MP: 1/1
  1005 | D:2      | Noticed Sigmund
  1029 | D:2      | HP: 1/27 [Sigmund/+0 scythe (5)]
  1031 | D:2      | Killed from afar by Sigmund

Illustrated notes

Levels and vault maps discovered:
D:1:      spicycebolla_green_bress_n_ham, layout_basic
D:2:      layout_rooms, uniq_sigmund

Action                     || total
---------------------------++-------
  Melee: War axe           ||    28
         Headbutt          ||     2
 Armour: Scale mail        ||     8
         Plate armour      ||    17
  Dodge: Dodged            ||     3
  Block: Buckler           ||     4

Table legend: (Time is in decaauts)
 A = Elapsed time spent in this place.
 B = Non-inter-level travel time spent in this place.
 C = Inter-level travel time spent in this place.
 D = Time resting spent in this place.
 E = Time spent auto-exploring this place.
 F = Levels seen in this place.
 G = Mean time per level.
                   A        B        C        D        E       F      G
               +--------+--------+--------+--------+--------+-----+--------+
         Total |   1042 |   1029 |     13 |      0 |    899 |   2 |  521.0 |
       Dungeon |   1042 |   1029 |     13 |      0 |    899 |   2 |  521.0 |
               +--------+--------+--------+--------+--------+-----+--------+

Top non-repeatable levels by time:
     D:1: 994 daAuts
     D:2: 47 daAuts
